 Dungeon Crawl Stone Soup version 0.28-a0-816-gb054d885db (webtiles) character file.

Game seed: 15616356030417837232

4790 bjtr the Destroyer (level 10, 0/76 HPs)
             Began as a Human Conjurer on Nov 8, 2021.
             Was a Follower of Vehumet.
             Slain by a centaur warrior (6 damage)
             ... on level 8 of the Dungeon.
             The game lasted 00:56:14 (13278 turns).

bjtr the Destroyer (Human Conjurer)                Turns: 13278, Time: 00:56:15

Health: 0/76       AC: 11    Str:  8    XL:     10   Next: 76%
Magic:  4/20       EV: 12    Int: 22    God:    Vehumet [*.....]
Gold:   101        SH:  4    Dex: 11    Spells: 9/22 levels left

rFire   . . .      SeeInvis .   R - +5 scimitar (protect)
rCold   + . .      Faith    .   G - +0 buckler
rNeg    . . .      Spirit   .   I - +2 leather armour {rC+}
rPois   .          Reflect  .   (no helmet)
rElec   .          Harm     .   g - +2 cloak
rCorr   .          Rampage  .   b - +1 pair of gloves
Will    .....                   (no boots)
Stlth   ++........              (no amulet)
HPRegen 0.22/turn               i - ring of wizardry
MPRegen 0.17/turn               (no ring)

@: no status effects
A: no striking features
a: Renounce Religion


You were on level 8 of the Dungeon.
You worshipped Vehumet.
Vehumet was aware of your devotion.
You visited 2 branches of the dungeon, and saw 10 of its levels.
You also visited: Sewer.

You collected 389 gold pieces.
You spent 288 gold pieces at shops.

Inventory:

Hand Weapons
 e - a +0 dagger
 k - a +0 spear
 l - a +0 whip
 m - a +1 vorpal trident
 o - a +0 long sword
 p - a +0 flail
 q - a +0 falchion
 v - a +0 hand axe of freezing
 A - a +0 rapier
 C - a +3 mace
 E - a +3 short sword
 L - a +4 spear of freezing
 Q - a +1 morningstar of draining
 R - a +5 scimitar of protection (weapon)
Missiles
 d - 187 stones
 h - 29 bolts
 u - 5 silver javelins (quivered)
 x - 5 boomerangs
 N - 16 poisoned darts
Armour
 b - a +1 pair of gloves (worn)
 g - a +2 cloak (worn)
 y - a +0 robe of willpower
 G - a +0 buckler (worn)
 I - a +2 leather armour of cold resistance (worn)
 M - a +2 chain mail of fire resistance
Magical Staves
 r - a staff of poison
 H - a staff of conjuration
Jewellery
 i - a ring of wizardry (left hand)
 J - a ring of ice
Wands
 a - a wand of flame (42)
 w - a wand of polymorph (4)
 B - a wand of paralysis (20)
 F - a wand of charming (6)
Scrolls
 f - a scroll of fear
 n - 5 scrolls of enchant weapon
 K - 2 scrolls of amnesia
 O - 2 scrolls of blinking
Potions
 c - a potion of curing
 j - a potion of resistance
 s - a potion of mutation
 t - 5 potions of flight
 D - a potion of cancellation


   Skills:
 + Level 5.8 Fighting
 - Level 5.4 Armour
 - Level 4.1 Dodging
 - Level 3.9 Stealth
 - Level 4.0 Shields
 + Level 6.8 Spellcasting
 + Level 9.2 Conjurations


You had 9 spell levels left.
You knew the following spells:

 Your Spells              Type           Power      Damage    Failure   Level
a - Magic Dart            Conj           100%       1d8       1%          1
b - Searing Ray           Conj           96%        2d7       1%          2
c - Iskenderun's Mystic   Conj/Tloc      27%        2d7       7%          4
d - Mephitic Cloud        Conj/Pois/Air  21%        N/A       4%          3
e - Swiftness             Air            7%         N/A       14%         3

Your spell library contained the following spells:

 Spells                   Type           Power      Damage    Failure   Level
 Shock                    Conj/Air       100%       1d9       1%          1
 Dazzling Flash           Conj/Hex       54%        N/A       1%          3
 Fulminant Prism          Conj/Hex       13%        3d9       7%          4
 Call Canine Familiar     Summ           7%         N/A       14%         3
 Gell's Gravitas          Tloc           7%         N/A       14%         3
 Lesser Beckoning         Tloc           7%         N/A       14%         3
 Portal Projectile        Hex/Tloc       14%        N/A       14%         3
 Teleport Other           Tloc           7%         N/A       14%         3
 Blade Hands              Tmut           3%         N/A       75%         5
 Excruciating Wounds      Necr           3%         N/A       75%         5


Dungeon Overview and Level Annotations

Branches:
Dungeon (9/15)             Temple (1/1) D:6           Sewer (visited)
   Lair: D:8-11         Orc: D:9-12

Altars:
Ashenzari
Cheibriados
Dithmenos
Elyvilon
Fedhas
Gozag
Hepliaklqana
Kikubaaqudgha
Makhleb
Nemelex Xobeh
Okawaru
Qazlal
Ru
Sif Muna
Trog
Uskayaw
Vehumet
Wu Jian
Xom
Yredelemnul
Zin
The Shining One

Shops:
D:1 :

Annotations:
D:7 1 runed translucent door


Message History

Confirm with . or Enter, or press ? or * to list all spells.
Aiming: Searing Ray (safe; 1% risk of failure)
Press: ? - help, Shift-Dir - straight line, f/p - centaur warrior
Aim: a centaur warrior, wielding a staff of fire and quivering arrows (moderately wounded, strong, confused, 96% to hit)
The searing ray hits the centaur warrior.
The centaur warrior is moderately wounded. (Press . to maintain the ray.)
The searing ray hits the centaur warrior!
The centaur warrior is heavily wounded.
The searing ray hits the centaur warrior.
The centaur warrior is heavily wounded.
The searing ray hits the centaur warrior.
The centaur warrior is severely wounded.
You finish channelling your searing ray.
The centaur warrior barely misses you. x2
The centaur warrior hits you with a staff of fire.
The centaur warrior burns you.
The centaur warrior kicks you but does no damage.
You hit the centaur warrior.
Your weapon exudes an aura of protection.
The centaur warrior is severely wounded.
Unknown command.
Casting: Searing Ray (safe; 1% risk of failure)
Confirm with . or Enter, or press ? or * to list all spells.
Aiming: Searing Ray (safe; 1% risk of failure)
Press: ? - help, Shift-Dir - straight line, f/p - centaur warrior
Aim: a centaur warrior, wielding a staff of fire and quivering arrows (severely wounded, strong, confused, 96% to hit)
The searing ray hits the centaur warrior.
The centaur warrior is severely wounded. (Press . to maintain the ray.)
The searing ray hits the centaur warrior!
The centaur warrior is almost dead.
The centaur warrior seems less confused.
The centaur warrior hits you with a staff of fire!
* * * LOW HITPOINT WARNING * * *
The centaur warrior kicks you but does no damage.
The centaur warrior hits you with a staff of fire!
* * * LOW HITPOINT WARNING * * *
The centaur warrior burns you.
You die...

..#..............#...#.....
..#.............#..###.....
#............#.....###.....
#............##............
#......#.#...#...#.........
##......#.##................
#.........#......#..........
.......[)..........##.......
.....#<[..@........##.#....
.... #....c.....##....##.
##.....##....#..........###
#>..###....##?............
###. #......###...........
......#..####..## #)..
#......#.[[#..)..# ##..#
#....#..##[[[Q...# ##....
....### ##.)<.#.###...#.


You could see a centaur warrior (strong).

Vanquished Creatures
  A two-headed ogre (D:8)
  Grinder (D:4)
  A shadow (D:7)
  A wraith (D:8)
  Menkaure (D:7)
  An acid dragon (D:8)
  Duvessa (D:7)
  A water moccasin (D:4)
  2 orc warriors
  2 ice beasts (D:6)
  An ogre (D:5)
  A necrophage (D:3)
  A sky beast (D:6)
  A centaur (D:8)
  A phantom (D:5)
  A kobold brigand (D:7)
  A bullfrog (D:7)
  10 scorpions
  Dowan (D:7)
  A gnoll sergeant (D:7)
  A wyvern skeleton (D:5)
  10 wights
  A bullfrog zombie (D:6)
  A centaur zombie (D:8)
  2 hounds
  3 jellies
  3 orc priests
  A gnoll shaman (D:7)
  6 iguanas
  Terence (D:2)
  12 orc wizards
  6 gnolls (D:7)
  12 adders
  2 shadow imps
  3 white imps
  An ufetubus (D:4)
  An adder skeleton (D:4)
  A worm (D:4)
  2 dart slugs
  38 orcs
  4 endoplasms
  8 giant cockroaches
  2 hobgoblins
  6 jackals
  6 kobolds
  4 quokkas
  12 ball pythons
  6 bats
  9 frilled lizards
  A goblin (D:1)
  6 rats
202 creatures vanquished.

Vanquished Creatures (others)
  10 plants (D:2)
10 creatures vanquished.

Grand Total: 212 creatures vanquished

Notes
Turn   | Place    | Note
-------+----------+-------------------------------------------
     0 | D:1      | bjtr the Human Conjurer began the quest for the Orb.
     0 | D:1      | Reached XP level 1. HP: 13/13 MP: 3/3
    86 | D:1      | Found Niutuv's Book Boutique.
   216 | D:1      | Reached XP level 2. HP: 19/19 MP: 3/5
   219 | D:1      | Learned a level 2 spell: Searing Ray
   798 | D:1      | Found a faded altar of an unknown god.
   947 | D:2      | Reached XP level 3. HP: 24/24 MP: 1/6
  1041 | D:2      | Noticed Terence
  1523 | D:2      | Reached skill level 5 in Conjurations
  1619 | D:2      | Reached XP level 4. HP: 30/30 MP: 4/7
  1826 | D:2      | Killed Terence
  2594 | D:3      | Reached XP level 5. HP: 36/36 MP: 8/8
  2625 | D:3      | Noticed a necrophage
  2641 | D:3      | Killed a necrophage
  2642 | D:3      | Reached skill level 1 in Armour
  2790 | D:3      | Reached XP level 6. HP: 42/42 MP: 6/9
  3074 | D:3      | Found an opulent altar of Gozag.
  3146 | D:3      | Reached skill level 1 in Fighting
  3722 | D:3      | Upgraded the game from 0.28-a0-804-g60983d4ba9 to
                  | 0.28-a0-816-gb054d885db
  3726 | D:4      | Noticed a water moccasin
  3789 | D:4      | Found a glowing drain.
  3848 | Sewer    | Entered a sewer
  3982 | Sewer    | Reached XP level 7. HP: 48/48 MP: 7/11
  4784 | D:4      | Found a sacrificial altar of Ru.
  4786 | D:4      | Noticed Grinder
  4787 | D:4      | Paralysed by Grinder for 2 turns
  4799 | D:4      | Killed Grinder
  4800 | D:4      | Reached skill level 6 in Conjurations
  4924 | D:4      | Killed a water moccasin
  4925 | D:4      | Reached XP level 8. HP: 56/56 MP: 5/12
  5225 | D:4      | Found an ornate altar of the Wu Jian Council.
  5448 | D:4      | Found a burning altar of Makhleb.
  5590 | D:5      | Entered Level 5 of the Dungeon
  6774 | D:6      | Reached skill level 5 in Armour
  6935 | D:6      | Reached skill level 1 in Shields
  6935 | D:6      | Reached XP level 9. HP: 62/62 MP: 9/14
  7136 | D:6      | Reached skill level 7 in Conjurations
  7177 | D:6      | Found a staircase to the Ecumenical Temple.
  7179 | D:6      | You fall into a shaft and drop 3 floors!
  7504 | D:7      | Learned a level 4 spell: Iskenderun's Mystic Blast
  7910 | Temple   | Entered the Ecumenical Temple
  8047 | Temple   | Became a worshipper of Vehumet
  9148 | D:7      | Noticed Duvessa
  9397 | D:7      | Noticed Dowan
  9425 | D:7      | HP: 2/65 [Duvessa (9)]
  9441 | D:7      | Killed Duvessa
  9771 | D:7      | Killed Dowan
  9796 | D:7      | Reached skill level 5 in Spellcasting
  9796 | D:7      | Reached skill level 8 in Conjurations
 10012 | D:7      | Reached XP level 10. HP: 71/71 MP: 11/17
 10017 | D:7      | Reached * piety under Vehumet
 10017 | D:7      | Offered knowledge of Shock by Vehumet.
 10194 | D:7      | Found a runed translucent door.
 10196 | D:7      | Found a runed translucent door.
 10348 | D:7      | Noticed Menkaure
 10356 | D:7      | Killed Menkaure
 11196 | D:1      | Bought Viutz's Witchery in Simple Steps for 288 gold pieces
 11200 | D:1      | Learned a level 3 spell: Mephitic Cloud
 11204 | D:1      | Learned a level 3 spell: Swiftness
 11411 | D:8      | Noticed a two-headed ogre
 11421 | D:8      | Killed a two-headed ogre
 11422 | D:8      | Reached skill level 5 in Fighting
 11731 | D:8      | Reached skill level 9 in Conjurations
 12407 | D:8      | Noticed a centaur warrior
 13278 | D:8      | Slain by a centaur warrior

Illustrated notes

Levels and vault maps discovered:
D:1:      dpeg_arrival_more_subterranean_lakeside_camping, layout_basic,
          serial_shops, shop, shapermc_ecumenical_altar_ellora
D:2:      layout_loops_ring, serial_bayou_lagoon_a, uniq_terence
D:3:      layout_basic, lemuel_crystal_altar
D:4:      layout_cave_pools, lemuel_coloured_pillars_altar,
          nicolae_wu_jian_immortal_techniques, nicolae_ru_sacrificial_ziggurat,
          gup_sewer_entry_glass, grunt_ministairs_12, uniq_grinder
D:5:      layout_rooms, minmay_misc_feat_cross, minmay_misc_feat_ornament,
          kennysheep_generic_room_9
D:6:      layout_gridville, minmay_temple_entry_gardened_gates, chequers_jeans
D:7:      lemuel_insect_pit, layout_basic, grunt_ministairs_7,
          columned_hall_lemuel, uniq_menkaure, uniq_duvessa
D:8:      gammafunk_beogh_shrine, layout_cave_pools, special_room
          [special_room_orc], minmay_radiant
D:9:      layout_rooms, erik_orc_4
Temple:   hc_temple_tempest_star

Skill      XL: |  1  2  3  4  5  6  7  8  9 10 |
---------------+-------------------------------+-----
Conjurations   | 5 6 8 9 |  9.2
Armour         | 1 3 5 |  5.4
Fighting       | 1 2 4 5 |  5.8
Stealth        | 3 |  3.9
Dodging        | 3 4 |  4.1
Spellcasting   | 3 5 6 |  6.8
Shields        | 1 4 |  4.0

Action                   |  1- 3 |  4- 6 |  7- 9 | 10-12 || total
-------------------------+-------+-------+-------+-------++-------
Melee: Unarmed           |     9 |       |       |       ||     9
       Dagger            |    17 |       |       |       ||    17
       Trident           |    11 |   103 |    82 |       ||   196
       Spear             |       |       |    26 |    38 ||    64
       Scimitar          |       |       |       |    19 ||    19
Throw: Javelin           |       |     1 |     5 |       ||     6
 Cast: Magic Dart        |    26 |     3 |       |     4 ||    33
       Searing Ray       |    10 |    22 |    63 |    34 ||   129
       Iskenderun's Myst |       |       |     1 |     3 ||     4
       Mephitic Cloud    |       |       |       |     3 ||     3
       Swiftness         |       |       |       |     1 ||     1
Evoke: Wand              |       |       |       |     8 ||     8
  Use: Scroll            |     1 |     2 |    16 |     4 ||    23
       Potion            |       |       |     2 |     1 ||     3
 Stab: Sleeping          |     2 |     2 |     1 |       ||     5
Armor: Robe              |    24 |       |       |       ||    24
       Ring mail         |       |    69 |    34 |       ||   103
       Leather armour    |       |       |    60 |    49 ||   109
Dodge: Dodged            |    33 |    71 |    90 |    76 ||   270
Block: Buckler           |       |       |    26 |    27 ||    53

Table legend: (Time is in decaauts)
 A = Elapsed time spent in this place.
 B = Non-inter-level travel time spent in this place.
 C = Inter-level travel time spent in this place.
 D = Time resting spent in this place.
 E = Time spent auto-exploring this place.
 F = Levels seen in this place.
 G = Mean time per level.
                   A        B        C        D        E       F      G
               +--------+--------+--------+--------+--------+-----+--------+
         Total |  13486 |  12856 |    630 |   5459 |   5133 |  11 | 1226.0 |
       Dungeon |  12383 |  11784 |    599 |   5098 |   4650 |   9 | 1375.9 |
        Temple |    338 |    307 |     31 |      0 |    271 |   1 |  338.0 |
         Sewer |    764 |    764 |      0 |    361 |    212 |   1 |  764.0 |
               +--------+--------+--------+--------+--------+-----+--------+

Top non-repeatable levels by time:
     D:7: 3381 daAuts
     D:2: 1438 daAuts
     D:8: 1369 daAuts
     D:1: 1344 daAuts
     D:3: 1231 daAuts
     D:5: 1194 daAuts
     D:6: 1192 daAuts
     D:4: 1159 daAuts
   Sewer: 764 daAuts
  Temple: 338 daAuts
     D:9: 70 daAuts
